 Dungeon Crawl Stone Soup version 0.30.0-29-ga12c61a403 (webtiles) character file.

Game seed: 16246884734261854242

12941 lordsyng the Executioner (level 11, -13/82 HPs)
             Began as a Minotaur Berserker on June 4, 2023.
             Was an Elder of Trog.
             Mangled by a two-headed ogre
             ... wielding a +0 great mace
              (19 damage)
             ... on level 2 of the Orcish Mines.
             The game lasted 00:51:28 (9939 turns).

lordsyng the Executioner (Minotaur Berserker)       Turns: 9939, Time: 00:51:30

Health: -13/82     AC: 11    Str: 32    XL:     11   Next: 69%
Magic:  10/10      EV: 11    Int:  7    God:    Trog [****..]
Gold:   1763       SH:  0    Dex: 11    Spells: 10/10 levels left

rFire   + + .        O - +3 war axe "Omnabrum" {venom, rF++}
rCold   . . .        (no shield)
rNeg    + + .        I - +2 scale mail {rPois}
rPois   +            (helmet restricted)
rElec   .            e - +0 cloak "Hyisau Geull" {rPois Str+2 Int+3 Stlth-}
rCorr   .            x - +1 pair of gloves of the Blacksmith {rPois Str+5}
SInv    .            (no boots)
Will    .....        D - amulet of regeneration Stlth
                     z - ring of positive energy
HPRegen 1.13/turn    q - ring of positive energy
MPRegen 0.12/turn

%: no passive effects
@: on berserk cooldown
A: horns 2, retaliatory headbutt
a: Renounce Religion, Berserk, Trog's Hand, Brothers in Arms


You were on level 2 of the Orcish Mines.
You worshipped Trog.
Trog was greatly pleased with you.
You visited 3 branches of the dungeon, and saw 13 of its levels.
You also visited: Ossuary.

You collected 1763 gold pieces.

Inventory:

Hand Weapons
 v - a +0 sling
 C - a +0 shortbow
 O - the +3 war axe "Omnabrum" (weapon) {venom, rF++}
   (You took it off a kobold on level 10 of the Dungeon)

   rF:        It greatly protects you from fire.
Missiles
 k - 4 boomerangs
 o - 81 stones
 p - 26 poisoned darts (quivered)
Armour
 e - the +0 cloak "Hyisau Geull" (worn) {rPois Str+2 Int+3 Stlth-}
   (You acquired it on level 4 of the Dungeon)

   Str:       It affects your strength (+2).
   Int:       It affects your intelligence (+3).
   rPois:     It protects you from poison.
   Stlth:     It makes you less stealthy.
 x - the +1 pair of gloves of the Blacksmith (worn) {rPois Str+5}
   (You acquired it on level 4 of the Dungeon)

   Str:       It affects your strength (+5).
   rPois:     It protects you from poison.
 I - a +2 scale mail of poison resistance (worn)
Jewellery
 d - a ring of resist corrosion
 q - a ring of positive energy (right hand)
 z - a ring of positive energy (left hand)
 D - an amulet of regeneration (around neck)
 G - a +5 ring of evasion
Wands
 i - a wand of flame (10)
 j - a wand of paralysis (17)
 F - a wand of roots (13)
 H - a wand of quicksilver (6)
Scrolls
 a - a scroll of silence {unknown}
 f - a scroll of fog
 l - a scroll of identify
 m - 6 scrolls of blinking
 r - 3 scrolls of noise
 t - 2 scrolls of magic mapping {unknown}
 w - 3 scrolls of enchant weapon {unknown}
 y - 4 scrolls of teleportation {unknown}
 A - 2 scrolls of immolation {unknown}
 K - a scroll of torment {unknown}
 M - a scroll of butterflies {unknown}
 N - a scroll of amnesia {unknown}
Potions
 b - 6 potions of heal wounds
 c - 2 potions of resistance
 g - 4 potions of flight
 h - 2 potions of magic
 n - 6 potions of curing
 s - 3 potions of berserk rage
 u - 2 potions of mutation
 B - 3 potions of ambrosia
 E - a potion of attraction
 J - 2 potions of haste
 L - a potion of invisibility {unknown}


   Skills:
 - Level 3.6 Fighting
 + Level 21.7 Axes
 - Level 2.4 Armour
 - Level 2.1 Dodging


You had 10 spell levels left.
You didn't know any spells.
Your spell library contained the following spells:

 Spells                   Type           Power      Damage    Failure   Level
 Beastly Appendage        Tmut           0%         N/A       67%         1
 Shock                    Conj/Air       0%         1d3       67%         1
 Scorch                   Fire           0%         2d5       80%         2
 Wereblood                Tmut           0%         N/A       80%         2
 Call Canine Familiar     Summ           0%         N/A       95%         3
 Portal Projectile        Hex/Tloc       0%         N/A       95%         3
 Spider Form              Tmut/Pois      0%         N/A       95%         3
 Swiftness                Air            0%         N/A       95%         3
 Airstrike                Air            0%         2d(0-16)  100%        4
 Flame Wave               Conj/Fire      0%         2d4       100%        4
 Leda's Liquefaction      Hex/Erth       0%         N/A       100%        4
 Summon Lightning Spire   Summ/Air       0%         N/A       100%        4
 Summon Cactus Giant      Summ           0%         N/A       100%        6
 Storm Form               Tmut/Air       0%         N/A       100%        7
 Maxwell's Capacitive Co  Air            0%         ∞         100%        8


Dungeon Overview and Level Annotations

Branches:
Dungeon (10/15)            Temple (1/1) D:4            Lair (0/5) D:8
    Orc (2/2) D:10            Elf (0/3) Orc:2       Ossuary (visited)

Altars:
Ashenzari
Cheibriados
Dithmenos
Elyvilon
Fedhas
Gozag
Hepliaklqana
Kikubaaqudgha
Makhleb
Nemelex Xobeh
Okawaru
Qazlal
Ru
Sif Muna
Trog
Uskayaw
Vehumet
Wu Jian
Xom
Yredelemnul
Zin
The Shining One

Portals:
Abyss: D:3

Annotations:
D:9 Gastronok


Innate Abilities, Weirdness & Mutations

You have a pair of horns on your head.
You reflexively headbutt those who attack you in melee.


Message History

Your skin stops crawling.
You feel less strong-willed.
Okay, then.
You slice the two-headed ogre!!
The two-headed ogre looks as sick as possible!
The two-headed ogre is moderately wounded.
The two-headed ogre closely misses you. You furiously retaliate!
You headbutt the two-headed ogre! The two-headed ogre barely misses you.
You hit the two-headed ogre.
The two-headed ogre looks as sick as possible!
The two-headed ogre is severely wounded.
The two-headed ogre misses you. The two-headed ogre closely misses you.
You barely miss the two-headed ogre.
Your headbutt misses the two-headed ogre.
The two-headed ogre is severely wounded.
You slash the two-headed ogre!
You kill the two-headed ogre!
Trog accepts your kill.
You slash the two-headed ogre!
The two-headed ogre is poisoned.
The two-headed ogre is moderately wounded.
You hit the ogre.
The ogre is poisoned.
The two-headed ogre closely misses you. You furiously retaliate!
You headbutt the two-headed ogre!
The two-headed ogre hits you with a +0 giant spiked club!
The ogre barely misses you. You furiously retaliate!
You headbutt the ogre. You slice the two-headed ogre!!
The two-headed ogre looks as sick as possible!
The two-headed ogre is severely wounded.
You hit the ogre but do no damage.
The ogre looks as sick as possible!
The two-headed ogre hits you with a +0 great mace!
The two-headed ogre hits you with a +0 giant spiked club!!
* * * LOW HITPOINT WARNING * * *
The ogre hits you with a +0 giant club!
* * * LOW HITPOINT WARNING * * *
You feel much better.
You feel yourself speed up.
The ogre hits you with a +0 giant club!!
* * * LOW HITPOINT WARNING * * *
The two-headed ogre hits you with a +0 great mace.
* * * LOW HITPOINT WARNING * * *
The two-headed ogre hits you with a +0 giant spiked club!!
You die...

.....<#####.......#.........
.......# ##.#....#.........
.......########..#...........
........#.# ##........#......
..........# #...).....#......
..#.......# ##.#))...........
.##.#.....##.###.)..........
.#..........###.OO......#...
.##.###.......##@###....# ..
...###.......<.### ....... .
....##......#.## #.#....
............# # ###...
............# .......#...##
).....##.### ...<..####
......#


You could see a two-headed ogre (extremely poisoned) and an ogre (extremely
poisoned).

Vanquished Creatures
  Erica (D:8)
  5 two-headed ogres
  Pikel (D:8)
  An elephant (D:8)
  An unseen horror (D:10)
  A troll (D:9)
  Prince Ribbit (D:7)
  10 yaks
  A basilisk (D:8)
  5 wyverns
  A steam dragon (D:8)
  Menkaure (D:4)
  A warg (Orc:2)
  Duvessa (D:7)
  6 orc warriors
  2 black bears
  10 ogres
  5 centaurs
  2 small abominations (D:3)
  A lemure (D:8)
  2 elf zombies (Ossuary)
  2 kobold brigands
  2 phantoms (D:6)
  The ghost of KamiKatze the Shield-Bearer, an amateur VSFi (D:3)
  A bullfrog (D:7)
  A scorpion (D:7)
  A hornet simulacrum (D:10)
  Dowan (D:7)
  11 killer bees
  An electric eel (D:7)
  4 howler monkeys
  5 centaur zombies (Ossuary)
  5 human zombies (Ossuary)
  3 jellies
  10 orc priests
  2 hounds
  A sleepcap (D:4)
  Terence (D:2)
  An iguana (D:7)
  16 orc wizards
  3 mummies (Ossuary)
  Robin (D:2)
  9 adders
  A white imp (D:8)
  2 worms (D:2)
  4 dart slugs
  37 orcs
  9 ball pythons
  8 endoplasms
  A giant cockroach (D:1)
  15 goblins
  6 hobgoblins
  7 jackals (D:3)
  4 quokkas
  A bat (D:1)
  2 frilled lizards
  A goblin zombie (D:8)
  24 kobolds
  A quokka zombie (D:8)
  11 rats
275 creatures vanquished.

Vanquished Creatures (collateral kills)
  A small abomination (D:3)
1 creature vanquished.

Grand Total: 276 creatures vanquished

Notes
Turn   | Place    | Note
-------+----------+-------------------------------------------
     0 | D:1      | lordsyng the Minotaur Berserker began the quest for the
                  | Orb.
     0 | D:1      | Reached XP level 1. HP: 19/19 MP: 0/0
    37 | D:1      | Reached skill level 4 in Axes
    80 | D:1      | Found a faded altar of an unknown god.
   188 | D:1      | Reached XP level 2. HP: 26/26 MP: 1/1
   708 | D:1      | Reached skill level 5 in Axes
  1061 | D:2      | Reached ** piety under Trog
  1061 | D:2      | Noticed Terence
  1063 | D:2      | Reached XP level 3. HP: 31/31 MP: 2/2
  1074 | D:2      | Killed Terence
  1236 | D:2      | Reached skill level 6 in Axes
  1236 | D:2      | Reached XP level 4. HP: 39/39 MP: 3/3
  1705 | D:2      | Noticed Robin
  1720 | D:2      | Killed Robin
  1780 | D:2      | Reached XP level 5. HP: 45/45 MP: 4/4
  1800 | D:2      | Found a snail-covered altar of Cheibriados.
  2101 | D:3      | Reached skill level 7 in Axes
  2151 | D:3      | Found a transporter.
  2172 | D:3      | Found a radiant altar of Vehumet.
  2412 | D:3      | Reached *** piety under Trog
  2486 | D:3      | Found a transporter.
  2490 | D:3      | Noticed a small abomination
  2606 | D:3      | Noticed a small abomination
  2607 | D:3      | Noticed a small abomination
  2843 | D:4      | Noticed an ogre
  2853 | D:4      | Killed an ogre
  2854 | D:4      | Reached skill level 8 in Axes
  2854 | D:4      | Reached XP level 6. HP: 51/51 MP: 5/5
  2935 | D:4      | Noticed Menkaure
  3005 | D:4      | Found a staircase to the Ecumenical Temple.
  3025 | Temple   | Entered the Ecumenical Temple
  3152 | D:4      | Found an ornate altar of the Wu Jian Council.
  3405 | D:4      | Reached skill level 9 in Axes
  3458 | D:4      | Found an iron altar of Okawaru.
  3695 | D:4      | Identified 3 scrolls of acquirement
  3696 | D:4      | Acquired the +0 cloak "Hyisau Geull" {rPois Str+2 Int+3
                  | Stlth-}
  3703 | D:4      | Acquired the +1 pair of gloves of the Blacksmith {rPois
                  | Str+5}
  3710 | D:4      | Acquired 732 gold pieces
  3779 | D:4      | Killed Menkaure
  3780 | D:4      | Reached XP level 7. HP: 57/57 MP: 6/6
  3868 | D:5      | Entered Level 5 of the Dungeon
  3930 | D:5      | Reached skill level 10 in Axes
  3980 | D:5      | Found a sparkling altar of Nemelex Xobeh.
  4292 | D:6      | Reached skill level 11 in Axes
  4501 | D:6      | Reached XP level 8. HP: 64/64 MP: 7/7
  4897 | D:6      | Reached skill level 12 in Axes
  5326 | D:7      | Paralysed by an orc for 2 turns
  5343 | D:7      | Reached skill level 13 in Axes
  5619 | D:7      | Noticed Dowan
  5620 | D:7      | Noticed Duvessa
  5624 | D:7      | Killed Duvessa
  5627 | D:7      | Killed Dowan
  5712 | D:7      | Noticed Prince Ribbit
  5716 | D:7      | Reached skill level 14 in Axes
  5719 | D:7      | Killed Prince Ribbit
  5720 | D:7      | Reached XP level 9. HP: 70/70 MP: 8/8
  6037 | D:8      | Noticed Pikel
  6114 | D:8      | Reached skill level 15 in Axes
  6126 | D:8      | Reached skill level 16 in Axes
  6209 | D:8      | Reached **** piety under Trog
  6229 | D:8      | Found a sand-covered staircase.
  6238 | Ossuary  | Entered an ossuary
  6354 | Ossuary  | Reached skill level 17 in Axes
  6508 | D:8      | Noticed Erica
  6524 | D:8      | Killed Erica
  6525 | D:8      | Reached XP level 10. HP: 77/77 MP: 9/9
  6791 | D:8      | Found a staircase to the Lair.
  6846 | D:8      | Killed Pikel
  6847 | D:8      | Reached skill level 18 in Axes
  6917 | D:8      | Found a stormy altar of Qazlal.
  6917 | D:8      | Found a broken altar of Ashenzari.
  6934 | D:8      | Noticed an elephant
  6945 | D:8      | Killed an elephant
  7233 | D:9      | Reached skill level 19 in Axes
  7239 | D:9      | Identified the +2 leather armour of Jocular Mirth {Int+3}
  7444 | D:9      | Noticed a two-headed ogre
  7454 | D:9      | Killed a two-headed ogre
  7503 | D:9      | Found a glowing golden altar of the Shining One.
  7504 | D:9      | Noticed Gastronok
  8239 | D:3      | Found a one-way gate to the infinite horrors of the Abyss.
  8247 | D:3      | Reached XP level 11. HP: 82/82 MP: 10/10
  8249 | D:3      | Noticed KamiKatze's ghost (amateur VSFi)
  8256 | D:3      | Killed KamiKatze's ghost
  8416 | D:5      | You fall into a shaft and drop 3 floors!
  8565 | D:10     | Entered Level 10 of the Dungeon
  8666 | D:10     | Reached skill level 20 in Axes
  8821 | D:10     | Identified the +3 war axe "Omnabrum" {venom, rF++}
  8954 | D:10     | Found a staircase to the Orcish Mines.
  9079 | D:10     | Found a shimmering blue altar of Sif Muna.
  9374 | Orc:1    | Entered Level 1 of the Orcish Mines
  9515 | Orc:2    | Entered Level 2 of the Orcish Mines
  9617 | Orc:2    | Found a staircase to the Elven Halls.
  9885 | Orc:2    | Noticed a two-headed ogre
  9885 | Orc:2    | Noticed a two-headed ogre
  9898 | Orc:2    | Killed a two-headed ogre
  9901 | Orc:2    | Killed a two-headed ogre
  9902 | Orc:2    | Reached skill level 21 in Axes
  9913 | Orc:2    | Noticed a two-headed ogre
  9917 | Orc:2    | Noticed a two-headed ogre
  9926 | Orc:2    | Noticed a two-headed ogre
  9928 | Orc:2    | Killed a two-headed ogre
  9929 | Orc:2    | Noticed a two-headed ogre
  9936 | Orc:2    | Killed a two-headed ogre
  9938 | Orc:2    | HP: 4/82 [ogre/+0 giant club (15)]
  9939 | Orc:2    | Mangled by a two-headed ogre

Illustrated notes

Levels and vault maps discovered:
D:1:      elethiomel_arrival_shortcut, layout_loops_ring,
          shapermc_ecumenical_altar_notcrosses, minmay_rat_gold_closets
D:2:      layout_loops_cross, basic_altar, nicolae_half_adder, uniq_terence,
          uniq_robin
D:3:      layout_loops_ring, nicolae_vehumet_radiance,
          gammafunk_ghost_abyssal_escape
D:4:      layout_loops_ring, lemuel_crystal_altar,
          mainiacjoe_overflow_boulevard, minmay_temple_entry_offerings,
          uniq_menkaure
D:5:      layout_rooms, nemelex_dance_club_becter
D:6:      layout_basic, kennysheep_generic_room_4
D:7:      layout_basic, minmay_hedge_maze, nicolae_water_bricks, minivault_25,
          uniq_duvessa, uniq_prince_ribbit1
D:8:      nicolae_cairo_tiling_large, layout_loops_ring, jmf_multi_god_temple,
          david_lair_generic, enter_ossuary_4, chequers_serial_rivers_small_3,
          uniq_pikel, uniq_erica
D:9:      layout_basic, nicolae_overflow_hidden_temple, uniq_gastronok
D:10:     layout_small_grid, lemuel_blue_sif_altar,
          minmay_orc_entry_temple_small
Temple:   jpeg_temple_clearing
Orc:1:    layout_caves
Orc:2:    st_orc_ogre_mass, layout_diamond_mine, basic_altar,
          minmay_orc_barracks

Skill      XL: |  1  2  3  4  5  6  7  8  9 10 11 |
---------------+----------------------------------+-----
Axes           | 4 5 6 8 9 11 14 17 19 21 | 21.7
Fighting       | |  3.6
Armour         | |  2.4
Dodging        | |  2.1

Action                     |  1- 3 |  4- 6 |  7- 9 | 10-12 || total
---------------------------+-------+-------+-------+-------++-------
  Melee: Hand axe          |    69 |   113 |   281 |   169 ||   632
         Headbutt          |     9 |    20 |    61 |    38 ||   128
         Punch             |       |     1 |     4 |     5 ||    10
         War axe           |       |       |       |   107 ||   107
  Throw: Dart              |       |       |       |     3 ||     3
 Invoke: Berserk           |     1 |     5 |     9 |    11 ||    26
         Trog's Hand       |       |     1 |     6 |    11 ||    18
         Brothers in Arms  |       |       |       |     1 ||     1
    Use: Scroll            |       |    12 |     7 |     1 ||    20
         Potion            |       |       |       |     2 ||     2
   Stab: Sleeping          |     3 |       |       |       ||     3
 Armour: Animal skin       |     6 |       |       |       ||     6
         Scale mail        |     2 |    29 |    68 |    80 ||   179
         Chain mail        |       |       |     6 |       ||     6
  Dodge: Dodged            |    32 |    63 |   119 |    97 ||   311
